Map: Dusk Towers

Players

MinChul (MC) - Winner!

  • Race: Protoss Protoss

Petraeus

  • Race: Zerg Zerg
  • League: Grandmaster

Event: Root's WW3

VOD

Have the link to the VOD?

Description

Time

  • Played on: Dec. 12, 2015, 6:12 a.m.
  • Length: 9:22

All games in this series

Show
View Real Time Build Order
Export as new Build Order

MinChul Protoss - Winner!

Build Orders: Nexus First 

Get SALT Encoding   

  12  0:01  Probe (Chrono Boost)  
  13  0:11  Probe (Chrono Boost)  
  14  0:22  Probe (Chrono Boost), Pylon  
  15  0:40  Probe (Chrono Boost)  
  16  0:50  Probe (Chrono Boost)  
  17  0:58  Nexus  
  17  1:01  Probe (Chrono Boost)  
  18  1:12  Gateway  
  18  1:14  Probe (Chrono Boost)  
  19  1:23  Assimilator  
  19  1:25  Probe (Chrono Boost)  
  20  1:29  Assimilator  
  20  1:35  Probe (Chrono Boost)  
  20  1:37  Pylon  
  21  1:46  Probe (Chrono Boost)  
  22  1:56  Probe (Chrono Boost)  
  22  1:59  Zealot  
  25  2:02  Cybernetics Core  
  25  2:07  Probe (Chrono Boost)  
  26  2:11  Probe (Chrono Boost)  
  27  2:18  Probe (Chrono Boost)  
  27  2:21  Probe (Chrono Boost)  
  29  2:28  Probe (Chrono Boost)  
  30  2:31  Probe (Chrono Boost)  
  31  2:38  Probe (Chrono Boost)  
  31  2:39  Stalker (Chrono Boost), Warp Gate  
  31  2:40  Probe  
  35  2:45  Twilight Council  
  35  2:50  Probe  
  36  2:51  Probe  
  37  3:01  Pylon  
  37  3:02  Probe x2  
  37  3:05  Stalker (Chrono Boost)  
  41  3:12  Probe  
  41  3:15  Probe  
  41  3:16  Resonating Glaives (Chrono Boost)  
  43  3:23  Probe  
  43  3:24  Robotics Facility  
  45  3:27  Probe  
  45  3:32  Adept  
  45  3:34  Probe  
  47  3:35  Pylon  
  47  3:39  Probe  
  49  3:44  Probe  
  50  3:51  Probe  
  50  3:54  Gateway  
  50  3:55  Gateway  
  51  3:57  Gateway  
  51  4:00  Sentry, Gateway  
  53  4:03  Pylon  
  53  4:10  Warp Prism (Chrono Boost)  
  53  4:14  Mothership Core  
  53  4:16  Assimilator  
  57  4:18  Assimilator  
  57  4:22  Pylon  
  57  4:23  Pylon  
  57  4:28  Probe  
  58  4:34  Pylon  
  58  4:35  Probe  
  59  4:40  Probe  
  59  4:41  Sentry  
  59  4:43  Observer (Chrono Boost)  
  63  4:47  Probe  
  65  4:52  Probe  
  65  4:53  Pylon  
  65  4:59  Probe, Nexus  
  66  5:10  Adept x5  
  76  5:17  Probe x2  
  74  5:27  Immortal (Chrono Boost)  
  76  5:29  Robotics Bay  
  76  5:48  Sentry, Probe x2  
  76  5:49  Sentry x2  
  84  5:50  Pylon  
  84  5:52  Pylon  
  84  5:54  Pylon  
  84  6:00  Probe x2  
  84  6:01  Immortal (Chrono Boost)  
  88  6:12  Adept x5  
  88  6:13  Probe  
  95  6:21  Probe  
  95  6:22  Probe  
  93  6:28  Stalker, Probe  
  93  6:31  Probe  
  96  6:34  Probe  
  96  6:35  Warp Prism (Chrono Boost)  
  96  6:44  Gateway, Assimilator x2  
  90  6:47  Sentry x3, Gateway  
  90  6:48  Sentry  
  90  6:49  Gateway  
  90  6:52  Probe x2, Gateway  
  100  6:56  Stalker  
  100  7:00  Probe  
  102  7:04  Probe x2  
  102  7:06  Disruptor (Chrono Boost)  
  108  7:11  Gateway  
  108  7:12  Gateway  
  108  7:14  Pylon  
  108  7:20  Stalker  
  108  7:21  Stalker x2  
  114  7:24  Stalker  
  114  7:26  Stalker  
  118  7:54  Adept x8  
  134  8:03  Adept  
  136  8:09  Adept x2  
  140  8:18  Adept x4  
  148  8:23  Pylon  
  148  8:24  Pylon  
  148  8:28  Pylon x2  
  148  8:43  Stalker x5  
  148  8:46  Stalker x4  
  158  8:54  Stalker x2  
  132  9:07  Stalker x5  
  134  9:12  Stalker x3  
  130  9:17  Stalker x3  
  130  9:18  Stalker x2  
Show
View Real Time Build Order
Export as new Build Order

Petraeus Zerg 

Build Orders: 3 Hatch before Pool 

Get SALT Encoding   

  12  0:01  Drone  
  13  0:12  Overlord  
  13  0:17  Drone  
  14  0:31  Drone x2  
  14  0:34  Drone  
  17  0:53  Hatchery  
  17  0:54  Drone  
  17  1:16  Hatchery  
  16  1:18  Drone  
  16  1:21  Drone  
  18  1:35  Spawning Pool  
  18  1:36  Extractor  
  18  1:39  Drone  
  17  1:42  Drone  
  17  1:45  Drone  
  19  1:51  Drone  
  20  2:02  Drone  
  20  2:05  Drone  
  22  2:14  Drone  
  23  2:18  Drone  
  23  2:21  Queen  
  23  2:22  Queen  
  28  2:23  Extractor  
  28  2:24  Zergling x2  
  29  2:31  Drone x2  
  29  2:36  Metabolic Boost  
  31  2:42  Overlord  
  31  2:46  Queen  
  33  2:54  Drone  
  33  2:57  Overlord  
  34  3:00  Drone x2  
  34  3:04  Queen  
  38  3:06  Drone  
  38  3:07  Drone  
  38  3:09  Drone  
  41  3:13  Overlord  
  41  3:15  Drone  
  41  3:17  Drone  
  43  3:20  Drone  
  43  3:22  Drone  
  43  3:23  Drone  
  46  3:28  Drone  
  46  3:29  Drone  
  46  3:32  Drone x2  
  46  3:34  Drone x2  
  52  3:45  Overlord x2  
  52  3:46  Drone x3  
  55  3:49  Extractor  
  55  3:50  Extractor  
  55  3:52  Roach Warren  
  52  3:56  Overlord  
  52  4:05  Drone x3  
  52  4:06  Drone x2  
  52  4:09  Drone x2  
  59  4:16  Drone, Overlord  
  59  4:20  Drone, Zergling x2  
  59  4:21  Zergling x6  
  64  4:27  Overlord  
  64  4:32  Roach x4  
  64  4:34  Zergling x2  
  64  4:37  Overlord  
  73  4:44  Evolution Chamber  
  72  4:47  Roach x2  
  76  4:53  Ravager x4  
  76  4:54  Overlord x2  
  76  4:56  Drone x3  
  76  4:59  Extractor  
  82  5:00  Drone  
  82  5:02  Drone x2  
  82  5:03  Hatchery, Drone  
  82  5:04  Drone  
  82  5:05  Drone  
  82  5:06  Drone x2  
  89  5:15  Zergling x4  
  84  5:24  Zergling x2  
  84  5:25  Drone x2  
  84  5:26  Drone  
  84  5:27  Drone x2  
  90  5:28  Zerg Ground Armor Level 1  
  90  5:30  Extractor  
  90  5:32  Ravager  
  90  5:33  Drone x3  
  93  5:37  Extractor  
  93  5:39  Lair  
  93  5:40  Hatchery, Evolution Chamber  
  90  5:49  Drone x2  
  91  5:50  Drone, Queen  
  91  5:53  Zergling x6  
  91  5:55  Overlord  
  91  5:56  Overlord, Pneumatized Carapace  
  97  6:00  Zergling x2  
  96  6:18  Zergling x2, Extractor  
  92  6:19  Zergling x10  
  92  6:21  Extractor  
  92  6:23  Zerg Melee Weapons Level 1  
  88  6:30  Drone x5  
  91  6:38  Drone x3  
  93  6:42  Drone  
  93  6:43  Drone x3  
  93  6:46  Drone  
  94  6:47  Spire  
  94  6:50  Drone x2  
  95  6:56  Drone  
  95  6:57  Drone x2  
  95  6:59  Zergling x12  
  95  7:00  Zergling x4  
  95  7:01  Drone  
  107  7:03  Drone  
  107  7:05  Roach x3  
  107  7:08  Overseer  
  114  7:12  Drone x4  
  118  7:17  Overlord  
  118  7:20  Zergling x6  
  118  7:22  Zerg Missile Weapons Level 1  
  121  7:23  Drone  
  121  7:25  Spine Crawler  
  121  7:27  Ravager  
  121  7:28  Ravager x2  
  123  7:37  Overlord x2  
  120  8:01  Mutalisk x14  
  120  8:02  Mutalisk  
  150  8:06  Zergling x8  
  150  8:07  Zergling x8  
  155  8:14  Mutalisk x2  
  155  8:15  Mutalisk  
  155  8:18  Zergling x6  
  161  8:20  Zergling x6  
  161  8:21  Zergling x2  
  165  8:29  Mutalisk x2  
  165  8:30  Mutalisk  
  160  8:41  Zergling x10  
  155  8:54  Mutalisk x4  
  130  8:57  Zergling x2  
  130  8:58  Zergling x18  
Tags
 
Add a new tag
Caveats
  • Supply blocks, unpowered buildings, or Contaminate may cause inaccurate times.
  • Supply counts are checked every 10 seconds.